 Dungeon Crawl Stone Soup version 0.31-a0-252-gc4385922b5 (webtiles) character file.

Game seed: 5287397686632567171

65 qw the Shooter (level 4, -5/26 HPs)
             Began as a Gargoyle Hexslinger on July 12, 2023.
             Slain by Natasha (7 damage)
             ... on level 2 of the Dungeon.
             The game lasted 00:00:30 (1290 turns).

qw the Shooter (Gargoyle Hexslinger)                Turns: 1290, Time: 00:00:31

Health: -5/26      AC:  6    Str: 11    XL:     4   Next: 14%
Magic:  5/5        EV: 11    Int: 14    God:
Gold:   100        SH:  0    Dex: 14    Spells: 4/5 levels left

rFire   . . .        Y - +1 sling
rCold   . . .        (no shield)
rNeg    + . .        g - +0 leather armour
rPois   inf          (no helmet)
rElec   +            (no cloak)
rCorr   .            (no gloves)
SInv    .            (no boots)
Will    .....        (no amulet)
Stlth   +            (no ring)
HPRegen 0.24/turn    (no ring)
MPRegen 0.09/turn

%: no passive effects
@: no status effects
A: sickness immunity, AC +3, negative energy resistance 1, electricity
resistance, torment resistance 1, petrification resistance
a: no special abilities


You were on level 2 of the Dungeon.
You visited 1 branch of the dungeon, and saw 2 of its levels.

You collected 100 gold pieces.


Innate Abilities, Weirdness & Mutations

You are immune to sickness and miasma.
Your stone body is resilient. (AC +3)
You are immune to poison.
You resist negative energy. (rN+)
You are resistant to electric shocks. (rElec)
You are resistant to unholy torment.
You are immune to petrification.


   Skills:
 - Level 2.0 Fighting
 + Level 4.0 Ranged Weapons
 - Level 1.5 Dodging
 - Level 1.0 Spellcasting
 - Level 2.6 Hexes


You had 4 spell levels left.
You knew the following spells:

 Your Spells              Type           Power      Damage    Failure   Level
a - Slow                  Hex            32%        N/A       12%         1

Your spell library contained the following spells:

 Spells                   Type           Power      Damage    Failure   Level
 Inner Flame              Hex/Fire       4%         N/A       52%         3
 Portal Projectile        Hex/Tloc       8%         N/A       52%         3
 Cause Fear               Hex            4%         N/A       75%         4

Inventory:

Hand Weapons
 Y - a +1 sling (weapon)
Armour
 g - a +0 leather armour (worn)
Jewellery
 c - a +5 ring of evasion
Scrolls
 a - a scroll of amnesia {unknown}
 b - a scroll of identify {unknown}
 e - a scroll of vulnerability {unknown}
Potions
 d - a potion of enlightenment {unknown}
 f - a potion of curing {unknown}

Dungeon Overview and Level Annotations

Branches:
Dungeon (2/15)

Altars:

Annotations:
D:2 Natasha


Message History

HP restored.
Natasha, Servant of Life and Death comes into view.
Natasha hisses angrily.
Enter note:
Enter note:
Enter note:
Enter note:
Enter note:
Enter note: You shoot a sling bullet.
The sling bullet closely misses Natasha.
You shoot a sling bullet. The sling bullet hits Natasha.
Natasha is lightly wounded.
You shoot a sling bullet.
The sling bullet closely misses Natasha.
Natasha stares at you and mumbles some strange words.
The magic dart hits you.
You shoot a sling bullet. The sling bullet barely misses Natasha.
You shoot a sling bullet. The sling bullet barely misses Natasha.
Natasha claws you.
You shoot a sling bullet. The sling bullet barely misses Natasha.
Natasha casts a spell at you. The magic dart hits you.
You shoot a sling bullet. The sling bullet misses Natasha.
Natasha stares at you and mumbles some strange words.
You resist with some effort. Natasha barely misses you.
You shoot a sling bullet. The sling bullet hits Natasha.
Natasha is moderately wounded.
Natasha closely misses you.
You shoot a sling bullet. The sling bullet hits Natasha!
Natasha is severely wounded.
Natasha claws you.
You shoot a sling bullet. The sling bullet barely misses Natasha.
Natasha claws you.
You shoot a sling bullet.
The sling bullet hits Natasha but does no damage.
Natasha is severely wounded.
Natasha casts a spell at you. The magic dart hits you! Natasha claws you!
You die...

#.######.###.###.#
#.# #.....# #.#
#.# ###.### #.#
#.# ######.#####.#
#.# #.............
#.# #.####........
#.# #.# #########
#.# #.# #@# #.#
#h# #.# #.# #.#
#.# #.# #.# #.#
#.# #.## #.# #..#
..# ##.# #.#


You could see Natasha.

Vanquished Creatures
  3 adders (D:2)
  A worm (D:2)
  2 dart slugs (D:1)
  2 ball pythons (D:1)
  2 endoplasms (D:1)
  A giant cockroach (D:2)
  3 goblins
  3 hobgoblins (D:1)
  5 bats
  6 frilled lizards
  4 kobolds
  4 rats
36 creatures vanquished.

Notes
Turn   | Place    | Note
-------+----------+-------------------------------------------
     0 | D:1      | qw the Gargoyle Hexslinger began the quest for the Orb.
     0 | D:1      | Reached XP level 1. HP: 12/12 MP: 2/2
     0 | D:1      | 0 ||| qw: Version: 0.3-a-52-g30416fa
     0 | D:1      | 0 ||| qw: Game counter: 6612
     0 | D:1      | 0 ||| qw: Melee chars always use a shield: true
     0 | D:1      | 0 ||| qw: God list: Okawaru
     0 | D:1      | 0 ||| qw: Allow faded altars: false
     0 | D:1      | 0 ||| qw: Do Orc after clearing Dungeon:15 true
     0 | D:1      | 0 ||| qw: Do second Lair branch before Depths: true
     0 | D:1      | 0 ||| qw: Lair rune preference: random
     0 | D:1      | 0 ||| qw: Goals: Normal
     0 | D:1      | 0 ||| PLANNING D:1-11
    60 | D:1      | Reached XP level 2. HP: 16/16 MP: 3/3
   112 | D:1      | Reached skill level 3 in Ranged Weapons
   482 | D:1      | Reached XP level 3. HP: 21/21 MP: 4/4
   634 | D:1      | 634 ||| UPGRADING to +0 leather armour.
   644 | D:1      | 644 ||| DROPPING +0 robe.
   645 | D:1      | 645 ||| READING scroll labelled ZUATABRUMMAC.
   646 | D:1      | 646 ||| READING scroll labelled YPSESA FE SOKK.
   647 | D:1      | 647 ||| READING scroll labelled FAPRYDDENLE.
   648 | D:1      | 648 ||| DROPPING scroll of poison.
  1002 | D:2      | Found a faded altar of an unknown god.
  1258 | D:2      | Reached skill level 4 in Ranged Weapons
  1258 | D:2      | Reached XP level 4. HP: 22/26 MP: 5/5
  1279 | D:2      | Noticed Natasha
  1290 | D:2      | HP: 2/26 [Natasha/magic dart (10)]
  1290 | D:2      | Slain by Natasha

Levels and vault maps discovered:
D:1:      minmay_arrival_glassed_features, layout_loops_ring
D:2:      layout_loops_ring, shapermc_ecumenical_altar_starsandcircs,
          kennysheep_generic_room_4, uniq_natasha

Skill      XL: |  1  2  3 |
---------------+----------+-----
Ranged Weapons | 3 4 |  4.0
Fighting       | 2 |  2.0
Dodging        | |  1.5
Spellcasting   | |  1.0
Hexes          | |  2.6

Action                     |  1- 3 |  4- 6 || total
---------------------------+-------+-------++-------
   Fire: Sling             |   124 |    11 ||   135
    Use: Scroll            |     3 |       ||     3
 Armour: Robe              |    12 |       ||    12
         Leather armour    |    14 |       ||    14
  Dodge: Dodged            |    44 |     2 ||    46

Table legend:
 A = Non-vault XP
 B = Vault XP
 C = Vault XP percentage of total XP
 D = Non-vault monster count
 E = Vault monster count
 F = Vault count percentage of total count
                 A         B        C        D         E       F
            +---------+---------+-------+---------+---------+-------
      Total |      94 |       0 |   0.0 |      36 |       0 |   0.0
            +---------+---------+-------+---------+---------+-------
        D:1 |      39 |       0 |   0.0 |      24 |       0 |   0.0
        D:2 |      55 |       0 |   0.0 |      12 |       0 |   0.0
            +---------+---------+-------+---------+---------+-------
